 Dungeon Sprint DCSS version 0.23-a0-270-gab6feb3 (webtiles) character file.

118 Felrender the Gusty (level 4, -2/33 HPs)
             Began as a Draconian Air Elementalist on Oct 1, 2018.
             Slain by a worker ant (4 damage)
             ... in the Dungeon (Sprint IX: "|||||||||||||||||||||||||||||").
             The game lasted 00:01:18 (80 turns).

Felrender the Gusty (Draconian Air Elementalist)      Turns: 80, Time: 00:01:19

Health: -2/33      AC:  5    Str: 10    XL:     4   Next: 72%
Magic:  5/10       EV: 13    Int: 16    God:
Gold:   0          SH:  0    Dex: 12    Spells: 10/11 levels left

rFire    . . .     SeeInvis .   i - +0 short sword
rCold    . . .     Gourm    .   (no shield)
rNeg     . . .     Faith    .   (armour unavailable)
rPois    .         Spirit   .   (helmet restricted)
rElec    .         Reflect  .   (no cloak)
rCorr    .         Harm     .   (no gloves)
MR       .....     NoTele   +   (no boots)
Stlth    ++........             (no amulet)
HPRegen  0.11/turn              (no ring)
MPRegen  0.12/turn              (no ring)

@: lethally poisoned (-2 -> -12), very slightly contaminated, hasted, very quick
A: unfitting armour, cold-blooded, AC +5
a: no special abilities


You were in the Dungeon.
You were not hungry.

You visited 1 branch

Inventory:

Hand Weapons
 i - a +0 short sword (weapon)
Scrolls
 h - a scroll of blinking
Potions
 g - a potion of berserk rage
Comestibles
 a - 4 chunks of flesh
 b - a ration


   Skills:
 + Level 3.5 Dodging
 + Level 3.2 Stealth
 + Level 1.6 Unarmed Combat
 + Level 4.2 Spellcasting
 + Level 1.8 Conjurations
 + Level 7.3 Air Magic


You had 10 spell levels left.
You knew the following spells:

 Your Spells              Type           Power        Failure   Level  Hunger
a - Shock                 Conj/Air       ###.         2%          1    None

Your spell library contained the following spells:

 Spells                   Type           Power        Failure   Level  Hunger
 Swiftness                Chrm/Air       ###.....     5%          2    ##.....
 Static Discharge         Conj/Air       ###.....     8%          3    ###....
 Airstrike                Air            ####......   9%          4    ####...
 Lightning Bolt           Conj/Air       ###.......   56%         5    ######.


Dungeon Overview and Level Annotations

Branches:
Dungeon (1/1)

Altars:


Innate Abilities, Weirdness & Mutations

Your plain brown scales are hard. (AC +5)
You cannot fit into any form of body armour.
You are cold-blooded and may be slowed by cold attacks.


Message History

Casting: Shock (safe; 2% risk of failure)
Confirm with . or Enter, or press ? or * to list all spells.
Aiming: Shock (safe; 2% risk of failure)
Press: ? - help, Shift-Dir - straight line, f - worker ant
Aim: a worker ant (almost dead)
You miscast Shock.
You feel electric! The worker ant bites you.
* * * LOW HITPOINT WARNING * * *
You are more poisoned.
The worker ant poisons you!
Casting: Shock (safe; 2% risk of failure)
Confirm with . or Enter, or press ? or * to list all spells.
Aiming: Shock (safe; 2% risk of failure)
Press: ? - help, Shift-Dir - straight line, f/p - worker ant
Aim: a worker ant (almost dead)
The zap hits the worker ant.
The worker ant appears unharmed.
The worker ant is almost dead.
The zap misses the worker ant.
* * * LOW HITPOINT WARNING * * *
You feel sick. The worker ant bites you.
You die...

▓+▓
▓.▓
▓.▓
▓)▓
▓.▓
▓a▓
▓a▓
▓@▓
▓.▓
▓÷▓
▓.▓
▓.▓
▓÷▓
▓.▓
▓.▓
▓.▓


You could see 2 worker ants.

Vanquished Creatures
  A centaur (D)
  A worker ant (D)
  An adder (D)
  An ooze (D)
  A dart slug (D)
  A ball python (D)
  A kobold (D)
  A rat (D)
8 creatures vanquished.

Notes
Turn   | Place    | Note
-------+----------+-------------------------------------------
     0 | D        | Felrender the Draconian Air Elementalist began the quest
                  | for the Orb.
     0 | D        | Reached XP level 1. HP: 14/14 MP: 3/3
    13 | D        | Reached skill level 4 in Air Magic
    16 | D        | Reached XP level 2. HP: 18/20 MP: 0/5
    62 | D        | Noticed a centaur
    70 | D        | Killed a centaur
    70 | D        | Reached skill level 1 in Unarmed Combat
    70 | D        | Reached skill level 6 in Air Magic
    70 | D        | Reached XP level 3. HP: 17/26 MP: 4/8
    70 | D        | Reached XP level 4. HP: 21/33 MP: 5/10
    78 | D        | Reached skill level 7 in Air Magic
    80 | D        | Slain by a worker ant

Vault maps used:
D:        linesprint

Skill      XL: |  1  2  3  4 |
---------------+-------------+-----
Dodging        | 2 3 |  3.5
Stealth        | 2 3 |  3.2
Air Magic      | 4 6 7 |  7.3
Spellcasting   | 4 |  4.2
Unarmed Combat | 1 |  1.6
Conjurations   | |  1.8

Action                   |  1- 3 |  4- 6 || total
-------------------------+-------+-------++-------
Melee: Unarmed           |     9 |       ||     9
 Cast: Shock             |     7 |     5 ||    12
  Use: Potion            |     2 |     3 ||     5
Armor: Skin              |     2 |     1 ||     3
Dodge: Dodged            |     9 |     2 ||    11

Table legend:
 A = Non-vault XP
 B = Vault XP
 C = Vault XP percentage of total XP
 D = Non-vault monster count
 E = Vault monster count
 F = Vault count percentage of total count
                 A         B        C        D         E       F
            +---------+---------+-------+---------+---------+-------
      Total |       0 |     169 | 100.0 |       0 |       8 | 100.0
            +---------+---------+-------+---------+---------+-------
          D |       0 |     169 | 100.0 |       0 |       8 | 100.0
            +---------+---------+-------+---------+---------+-------
